 Dungeon Crawl Stone Soup version 0.29.0-11-gd7f09526c8 (webtiles) character file.

Game seed: 2130953991833082181

15890 Ijustatesigmund the Tortoise (level 12, -34/165 HPs)
             Began as a Minotaur Fighter on Sept 2, 2022.
             Was a High Priest of Okawaru.
             Killed from afar by Jorgrun (48 damage)
             ... with an iron shot
             ... on level 1 of the Orcish Mines.
             The game lasted 00:26:27 (12902 turns).

Ijustatesigmund the Tortoise (Minotaur Fighter)    Turns: 12902, Time: 00:26:28

Health: -34/165    AC: 22    Str: 32    XL:     12   Next: 5%
Magic:  0/17       EV: 13    Int:  5    God:    Okawaru [*****.]
Gold:   759        SH:  5    Dex: 10    Spells: 11/11 levels left

rFire   + . .      SeeInvis .   a - +0 war axe (freeze)
rCold   . . .      Faith    .   c - +0 buckler
rNeg    . . .      Spirit   +   b - +2 ring mail {rF+}
rPois   .          Reflect  .   I - +2 hat
rElec   .          Harm     .   K - +2 cloak {rCorr}
rCorr   +          Rampage  .   (no gloves)
Will    .....                   x - +2 pair of boots
Stlth   ..........              e - amulet of guardian spirit
HPRegen 0.37/turn               f - ring of flight
MPRegen 0.15/turn               F - +6 ring of strength

@: berserking, heroic, flying, studying Armour, very quick
A: horns 2, retaliatory headbutt
a: Renounce Religion, Heroism, Finesse, Duel


You were on level 1 of the Orcish Mines.
You worshipped Okawaru.
Okawaru was extremely pleased with you.
You visited 3 branches of the dungeon, and saw 16 of its levels.

You collected 759 gold pieces.

Inventory:

Hand Weapons
 a - a +0 war axe of freezing (weapon)
 H - a +2 mace of protection
Missiles
 P - 2 boomerangs of dispersal (quivered)
Armour
 b - a +2 ring mail of fire resistance (worn)
 c - a +0 buckler (worn)
 x - a +2 pair of boots (worn)
 I - a +2 hat (worn)
 K - a +2 cloak of preservation (worn)
Jewellery
 e - an amulet of guardian spirit (around neck)
 f - a ring of flight (left hand)
 F - a +6 ring of strength (right hand)
Wands
 m - a wand of mindburst (18)
 t - a wand of digging (3)
 A - a wand of quicksilver (3)
 J - a wand of polymorph (5)
 N - a wand of paralysis (7)
 O - a wand of flame (17)
Scrolls
 g - a scroll of fear
 o - a scroll of butterflies
 r - 3 scrolls of summoning
 s - 4 scrolls of teleportation
 y - a scroll of blinking
 B - 3 scrolls of noise
 D - 2 scrolls of immolation
 Q - a scroll of identify
Potions
 d - a potion of might
 i - a potion of haste
 j - 2 potions of mutation
 k - a potion of attraction
 l - 2 potions of magic
 n - a potion of curing
 p - 2 potions of lignification
 u - a potion of resistance
 v - 2 potions of ambrosia
 w - 2 potions of invisibility
 z - a potion of berserk rage
 C - 2 potions of cancellation
 G - 8 potions of flight
 L - a potion of brilliance
 M - 2 potions of degeneration {unknown}


   Skills:
 - Level 11.2(16.2) Fighting
 - Level 10.9(15.9) Axes
 + Level 17.6(22.6) Armour
 - Level 3.0(8.0) Dodging
 - Level 3.6(8.6) Shields
 + Level 8.7 Invocations
 - Level 2.2 Evocations


You had 11 spell levels left.
You didn't know any spells.
Your spell library contained the following spells:

 Spells                   Type           Power      Damage    Failure   Level
 Necrotise                Necr           0%         1d4       61%         1
 Poisonous Vapours        Pois/Air       0%         N/A       75%         2
 Confusing Touch          Hex            0%         N/A       93%         3
 Conjure Flame            Conj/Fire      0%         6-21      93%         3
 Ignite Poison            Fire/Tmut/Pois 0%         N/A       93%         3
 Corpse Rot               Necr/Pois/Air  0%         N/A       100%        4
 Sticky Flame             Conj/Fire      0%         2d3       100%        4
 Fireball                 Conj/Fire      0%         3d3       100%        5
 Yara's Violent Unravell  Hex/Tmut       0%         3d3       100%        5
 Starburst                Conj/Fire      0%         6d3       100%        6
 Enfeeble                 Hex            0%         N/A       100%        7
 Ignition                 Fire           0%         3d3       100%        8


Dungeon Overview and Level Annotations

Branches:
Dungeon (13/15)            Temple (1/1) D:6            Lair (0/5) D:10
    Orc (2/2) D:10
    Elf: Orc:2       Vaults: D:13-14

Altars:
Ashenzari
Cheibriados
Dithmenos
Elyvilon
Fedhas
Gozag
Hepliaklqana
Kikubaaqudgha
Makhleb
Nemelex Xobeh
Okawaru
Qazlal
Ru
Sif Muna
Trog
Uskayaw
Vehumet
Wu Jian
Xom
Yredelemnul
Zin
The Shining One

Shops:
D:7 :   D:12 **

Annotations:
D:12 3 runed translucent doors, syranez's ghost, journeyman MiBe
Orc:1 Jorgrun


Innate Abilities, Weirdness & Mutations

You have a pair of horns on your head.
You reflexively headbutt those who attack you in melee.


Message History

Jorgrun drinks a potion.
Jorgrun seems to grow stronger.
You hit Jorgrun. You freeze Jorgrun.
Jorgrun is lightly wounded.
You closely miss Jorgrun.
Jorgrun is lightly wounded.
Jorgrun misses you.
You slash Jorgrun! You freeze Jorgrun. Your headbutt misses Jorgrun.
Jorgrun is lightly wounded.
Jorgrun points at you and mumbles some strange words.
The iron shot hits you!!!
* * * LOW HITPOINT WARNING * * *
A red film seems to cover your vision as you go berserk!
You feel yourself moving faster!
You feel mighty! Jorgrun casts a spell at you.
You struggle to resist.
You closely miss Jorgrun. You headbutt Jorgrun.
Jorgrun is lightly wounded.
You hit Jorgrun but do no damage. Your headbutt misses Jorgrun.
Jorgrun is lightly wounded.
Jorgrun hits you but does no damage.
You slice Jorgrun!! You freeze Jorgrun.
Jorgrun is moderately wounded.
You closely miss Jorgrun.
Jorgrun is moderately wounded.
Jorgrun hits you with a +0 vorpal quarterstaff!!
* * * LOW HITPOINT WARNING * * *
x2 You miss Jorgrun.
Jorgrun is moderately wounded.
You barely miss Jorgrun. Your headbutt misses Jorgrun.
Jorgrun is moderately wounded.
Jorgrun mutters some incantations to himself.
Jorgrun hits you with a +0 vorpal quarterstaff.
* * * LOW HITPOINT WARNING * * *
x2 You slice Jorgrun!!
You freeze Jorgrun!
Jorgrun is severely wounded.
You barely miss Jorgrun. You headbutt Jorgrun!!
Jorgrun is almost dead.
Jorgrun casts a spell at you. The iron shot hits you!!!
You die...

#### # .......
# ....... ###
#........#
#.##
####.........
#..##
#............
....##
###..........
.....##
##.#..))......
......#
#.....@g##.#
..##.##
###....)#[#
...###
##.>...# ..##
#.#..)$.....#
###
.##.........#
# .#
##.......## #
## ##......# #
#.##.### ###
.#


You could see Jorgrun (strong).

Vanquished Creatures
  Nessos (D:12)
  2 hydras (D:12)
  A boulder beetle (D:11)
  Fannar (D:10)
  A two-headed ogre (D:9)
  A manticore (D:11)
  2 cyclopes
  Maurice (D:8)
  A kobold demonologist (D:10)
  Maggie (D:10)
  Psyche (D:8)
  3 trolls
  A hornet (D:8)
  3 slime creatures (D:12)
  A shadow (D:12)
  A vampire (D:10)
  8 yaks
  5 wyverns (D:10)
  3 wraiths
  A steam dragon (D:9)
  2 wargs (Orc:1)
  Edmund (D:6)
  5 water moccasins
  3 ice beasts
  A black bear (D:7)
  9 orc warriors
  4 ogres
  2 centaurs
  3 kobold brigands
  5 gnoll sergeants
  5 bullfrogs
  A scorpion (D:6)
  A necrophage (D:5)
  10 wights
  8 killer bees
  7 howler monkeys
  5 hounds
  2 jellies
  8 orc priests
  6 iguanas
  8 orc wizards
  15 gnolls
  11 adders
  A shadow imp (D:5)
  3 worms
  2 dart slugs (D:1)
  37 orcs
  4 bats
  2 endoplasms
  3 giant cockroaches
  6 goblins
  4 hobgoblins
  8 jackals
  2 quokkas
  9 ball pythons
  4 frilled lizards
  16 kobolds
  3 rats
  A butterfly (D:6)
266 creatures vanquished.

Vanquished Creatures (others)
  2 fungi (D:10)
  14 plants
16 creatures vanquished.

Grand Total: 282 creatures vanquished

Notes
Turn   | Place    | Note
-------+----------+-------------------------------------------
     0 | D:1      | Ijustatesigmund the Minotaur Fighter began the quest for
                  | the Orb.
     0 | D:1      | Reached XP level 1. HP: 19/19 MP: 0/0
   124 | D:1      | Reached XP level 2. HP: 27/27 MP: 1/1
   215 | D:1      | Reached skill level 1 in Dodging
   509 | D:1      | Found a faded altar of an unknown god.
   520 | D:1      | Reached XP level 3. HP: 32/33 MP: 2/2
   528 | D:1      | Got Plato's Octavo of Unhallowed Rites
   966 | D:2      | Reached XP level 4. HP: 41/41 MP: 3/3
  1589 | D:3      | Reached XP level 5. HP: 42/47 MP: 4/4
  1591 | D:3      | Reached skill level 5 in Fighting
  1929 | D:3      | Identified the +5 spear of the Ultimatums {pain, rN+}
  2861 | D:4      | Reached skill level 4 in Armour
  3123 | D:5      | Entered Level 5 of the Dungeon
  3184 | D:5      | Found a sacrificial altar of Ru.
  3224 | D:5      | Reached skill level 1 in Evocations
  3224 | D:5      | Reached XP level 6. HP: 56/56 MP: 5/5
  3324 | D:5      | Found a hide-covered altar of Uskayaw.
  3365 | D:5      | Reached skill level 5 in Axes
  3551 | D:5      | Identified the +5 trident "Tetez" {freeze, rElec rCorr}
  3589 | D:5      | Noticed an ice beast
  3948 | D:5      | Reached XP level 7. HP: 57/63 MP: 6/6
  4056 | D:5      | Reached skill level 5 in Armour
  4410 | D:6      | Noticed Edmund
  4414 | D:6      | Killed Edmund
  4604 | D:6      | Found a staircase to the Ecumenical Temple.
  4624 | Temple   | Entered the Ecumenical Temple
  5022 | D:7      | Reached skill level 6 in Armour
  5022 | D:7      | Reached XP level 8. HP: 58/73 MP: 5/7
  5127 | D:7      | Found an opulent altar of Gozag.
  5151 | D:7      | Found a glowing golden altar of the Shining One.
  5152 | D:7      | Found a shadowy altar of Dithmenos.
  5153 | D:7      | Found an iron altar of Okawaru.
  5328 | D:7      | Found Jiusieph's Self-Improvement Boutique.
  5542 | D:7      | Reached skill level 7 in Armour
  5988 | D:8      | Noticed a hornet
  5992 | D:8      | Killed a hornet
  6033 | D:8      | Reached XP level 9. HP: 63/82 MP: 8/8
  6037 | D:8      | Reached skill level 8 in Armour
  6256 | D:8      | Noticed Maurice
  6265 | D:8      | Killed Maurice
  6461 | D:8      | Found a blossoming altar of Fedhas.
  6461 | D:8      | Found a burning altar of Makhleb.
  6798 | D:8      | Noticed Psyche
  6805 | D:8      | Killed Psyche
  6806 | D:8      | Reached skill level 9 in Armour
  6897 | D:9      | Reached skill level 10 in Fighting
  7396 | D:9      | Reached skill level 10 in Axes
  7400 | D:9      | Reached XP level 10. HP: 90/94 MP: 7/9
  7403 | D:9      | Reached skill level 10 in Armour
  7443 | D:9      | Noticed a two-headed ogre
  7450 | D:9      | Killed a two-headed ogre
  7915 | D:10     | Entered Level 10 of the Dungeon
  7933 | D:10     | Identified a scroll of acquirement
  7933 | D:10     | Acquired a manual of Armour
  8002 | D:7      | Became a worshipper of Warmaster Okawaru
  8097 | D:10     | Reached skill level 11 in Armour
  8097 | D:10     | Reached skill level 1 in Invocations
  8152 | D:10     | Found a staircase to the Lair.
  8159 | D:10     | Reached * piety under Okawaru
  8160 | D:10     | Reached skill level 12 in Armour
  8638 | D:10     | Noticed Maggie
  8645 | D:10     | Killed Maggie
  8646 | D:10     | Reached skill level 13 in Armour
  8668 | D:10     | Noticed Fannar
  8689 | D:10     | Killed Fannar
  8689 | D:10     | Reached ** piety under Okawaru
  8690 | D:10     | Reached XP level 11. HP: 66/102 MP: 8/13
  8952 | D:10     | Reached skill level 5 in Invocations
  9200 | D:10     | Found a staircase to the Orcish Mines.
  9212 | D:10     | Reached skill level 14 in Armour
  9217 | D:10     | Reached *** piety under Okawaru
  9610 | D:11     | Noticed a boulder beetle
  9621 | D:11     | Killed a boulder beetle
  9783 | D:11     | Reached skill level 15 in Armour
  9914 | D:11     | Reached **** piety under Okawaru
 10266 | D:12     | Noticed an eight-headed hydra
 10832 | D:12     | Killed an eight-headed hydra
 10832 | D:12     | Received a gift from Okawaru
 10998 | D:12     | Noticed Nessos
 11005 | D:12     | Killed Nessos
 11006 | D:12     | Reached skill level 16 in Armour
 11311 | D:12     | Noticed a four-headed hydra
 11331 | D:12     | Killed a four-headed hydra
 11561 | D:12     | Found a runed translucent gate.
 11561 | D:12     | Found a runed translucent gate.
 11562 | D:12     | Found a runed translucent gate.
 11563 | D:12     | Found an opulent altar of Gozag.
 11567 | D:12     | Noticed a white ugly thing
 11567 | D:12     | Noticed syranez's ghost (journeyman MiBe)
 11568 | D:12     | Found Ritaidis's Assorted Antiques.
 11568 | D:12     | Found Petuerph's Assorted Antiques.
 12110 | D:12     | Reached skill level 17 in Armour
 12372 | Orc:1    | Entered Level 1 of the Orcish Mines
 12571 | Orc:2    | Entered Level 2 of the Orcish Mines
 12602 | Orc:2    | Reached ***** piety under Okawaru
 12603 | Orc:2    | Reached XP level 12. HP: 58/110 MP: 10/17
 12881 | Orc:1    | Noticed Jorgrun
 12902 | Orc:1    | Killed from afar by Jorgrun

Illustrated notes

Levels and vault maps discovered:
D:1:      psy_arrival_spokes, layout_basic, shapermc_ecumenical_altar_rom_forum
D:2:      minmay_kobold_bridge, layout_loops_ring
D:3:      layout_basic
D:4:      layout_basic
D:5:      layout_loops_ring, kennysheep_mini, nicolae_overflow_crystal_walls,
          kennysheep_dice
D:6:      layout_rooms, minmay_temple_entry_butterflies, amethyst_killhole,
          uniq_edmund
D:7:      layout_basic, mainiacjoe_overflow_alcove_3, nicolae_shop_self_help
D:8:      layout_loops_ring, gammafunk_temple_overflow_statue, uniq_psyche,
          uniq_maurice
D:9:      layout_loops_ring, minmay_misc_feat_doors,
          chequers_serial_rivers_small_a
D:10:     layout_rooms, minmay_lair_entry_grove,
          kennysheep_orc_monster_closet_entryway, grunt_ministairs_8,
          uniq_maggie, uniq_fannar
D:11:     layout_rooms, hive_lemuel
D:12:     kennysheep_funnel, layout_basic, ebering_ghost_gozag, uniq_nessos
D:13:     layout_big_octagon, erik_vaults_1, nicolae_burly_brawl
Temple:   zaba_magenta_temple
Orc:1:    layout_diamond_mine, uniq_jorgrun
Orc:2:    st_orc_ogre_mass, layout_diamond_mine, basic_altar

Skill      XL: |  1  2  3  4  5  6  7  8  9 10 11 |
---------------+----------------------------------+-----
Dodging        | 1 2 3 |  3.0
Fighting       | 4 5 6 7 8 10 11 | 11.2
Axes           | 3 4 5 6 8 10 | 10.9
Armour         | 4 6 7 9 13 17 | 17.6
Evocations     | 1 2 |  2.2
Invocations    | 4 8 |  8.7
Shields        | |  3.6

Action                   |  1- 3 |  4- 6 |  7- 9 | 10-12 || total
-------------------------+-------+-------+-------+-------++-------
Melee: War axe           |    67 |   118 |   172 |   296 ||   653
       Headbutt          |     9 |    18 |    27 |    65 ||   119
       Dire flail        |       |       |       |    12 ||    12
Invok: Heroism           |       |       |       |     6 ||     6
Evoke: Wand              |       |       |     9 |     8 ||    17
  Use: Scroll            |     7 |     5 |       |    15 ||    27
       Potion            |       |     1 |       |     8 ||     9
 Stab: Paralysed         |       |       |       |     5 ||     5
Armor: Chain mail        |    62 |    20 |       |       ||    82
       Ring mail         |       |    37 |    91 |   158 ||   286
Dodge: Dodged            |    29 |    59 |    91 |   174 ||   353
Block: Buckler           |    22 |    20 |    37 |    59 ||   138
